 Dungeon Crawl Stone Soup version 0.30.0-5-g1a98f26d00 (webtiles) character file.

Game seed: 17768287801693387621

12436 MacCMillion the Grappler (level 11, -6/111 HPs)
             Began as a Troll Fighter on May 12, 2023.
             Was a High Priest of Okawaru.
             Killed by divine providence
             ... invoked by a meliai
              (12 damage)
             ... on level 11 of the Dungeon.
             The game lasted 00:19:52 (10661 turns).

MacCMillion the Grappler (Troll Fighter)           Turns: 10661, Time: 00:19:53

Health: -6/111     AC: 11    Str: 30    XL:     11   Next: 62%
Magic:  10/10      EV: 10    Int:  4    God:    Okawaru [*****.]
Gold:   1420       SH: 15    Dex:  9    Spells: 10/10 levels left

rFire   . .          .
                       - Unarmed
rCold   . . .        b - +0 kite shield
rNeg    . . .        J - +1 robe of Vines {NoPotionHeal Regen++++}
rPois   .            K - +2 hat
rElec   .            (no cloak)
rCorr   .            (gloves unavailable)
SInv    .            (boots unavailable)
Will    .....        v - amulet of reflection
Stlth   +            a - +4 ring of slaying
HPRegen 4.38/turn    y - +4 ring of protection
MPRegen 0.12/turn

%: reflection
@: lethally poisoned (-6 -> -9), studying Shields
A: large, unfitting armour, claws 3, regeneration 1, shaggy fur 1, tough skin 1
a: Renounce Religion, Heroism, Finesse, Duel


You were on level 11 of the Dungeon.
You worshipped Okawaru.
Okawaru was extremely pleased with you.
You visited 2 branches of the dungeon, and saw 12 of its levels.
You also visited: Ossuary and Bailey.

You collected 1456 gold pieces.
You spent 36 gold pieces at shops.

Inventory:

Missiles
 f - 5 silver boomerangs
 g - 19 poisoned darts (quivered)
 M - 3 throwing nets
 O - 3 silver javelins
 U - 2 curare-tipped darts
 V - 5 javelins
Armour
 b - a +0 kite shield (worn)
 J - the +1 robe of Vines (worn) {NoPotionHeal Regen++++}
   (Okawaru gifted it to you on level 10 of the Dungeon)

   NoPotionHeal: Its wearer cannot be healed by potions.
   Regen:     It increases your rate of health regeneration.
 K - a +2 hat (worn)
 W - +0 acid dragon scales
Jewellery
 a - a +4 ring of slaying (left claw)
 d - a ring of see invisible
 v - an amulet of reflection (around neck)
 y - a +4 ring of protection (right claw)
 F - a ring of flight
 Q - a ring of protection from cold
 X - a +6 ring of strength
Wands
 G - a wand of light (8)
 I - a wand of flame (19)
 S - a wand of iceblast (11)
 T - a wand of digging (6)
 Y - a wand of mindburst (12)
Scrolls
 e - 5 scrolls of fear
 h - a scroll of blinking {unknown}
 j - 9 scrolls of teleportation
 k - 2 scrolls of poison
 m - 2 scrolls of fog {unknown}
 o - 3 scrolls of noise
 r - 2 scrolls of butterflies {unknown}
 s - 5 scrolls of immolation {unknown}
 t - 4 scrolls of magic mapping {unknown}
 C - 5 scrolls of amnesia
 E - a scroll of silence {unknown}
 H - 2 scrolls of vulnerability {unknown}
 L - 2 scrolls of enchant weapon {unknown}
 R - a scroll of enchant armour {unknown}
Potions
 c - 3 potions of might
 i - 4 potions of resistance
 l - a potion of brilliance {unknown}
 n - 4 potions of haste
 p - 2 potions of flight
 q - a potion of mutation
 u - 4 potions of invisibility
 w - a potion of berserk rage {unknown}
 x - 2 potions of magic {unknown}
 z - 7 potions of curing
 A - 6 potions of lignification
 B - 4 potions of heal wounds
 D - a potion of degeneration {unknown}
 P - a potion of cancellation {unknown}
 Z - a potion of attraction {unknown}
Miscellaneous
 N - a lightning rod (4/4)


   Skills:
 + Level 7.9 Fighting
 + Level 6.0 Dodging
 + Level 8.8 Shields
 * Level 12.6 Unarmed Combat


You had 10 spell levels left.
You didn't know any spells.
Your spell library contained the following spells:

 Spells                   Type           Power      Damage    Failure   Level
 Apportation              Tloc           0%         N/A       67%         1
 Freeze                   Ice            0%         1d3       67%         1
 Kiss of Death            Conj/Necr      0%         2d5       67%         1
 Necrotise                Necr           0%         1d4       67%         1
 Shock                    Conj/Air       0%         1d3       67%         1
 Slow                     Hex            0%         N/A       67%         1
 Poisonous Vapours        Pois/Air       0%         N/A       80%         2
 Confusing Touch          Hex            0%         N/A       95%         3
 Frozen Ramparts          Ice            0%         1d1       95%         3
 Hailstorm                Conj/Ice       0%         3d3       95%         3
 Mephitic Cloud           Conj/Pois/Air  0%         N/A       95%         3
 Ozocubu's Armour         Ice            0%         N/A       95%         3
 Swiftness                Air            0%         N/A       95%         3
 Vampiric Draining        Necr           0%         2d6       95%         3
 Airstrike                Air            0%         2d(0-16)  100%        4
 Dispel Undead            Necr           0%         3d6       100%        4
 Freezing Cloud           Conj/Ice/Air   0%         6-21      100%        5
 Ozocubu's Refrigeration  Ice            0%         4d7       100%        7
 Summon Small Mammal      Summ           Unusable   N/A       N/A         1

Dungeon Overview and Level Annotations

Branches:
Dungeon (11/15)            Temple (1/1) D:5            Lair (0/5) D:8
    Orc (0/2) D:10        Ossuary (visited)          Bailey (visited)

Altars:
Ashenzari
Cheibriados
Dithmenos
Elyvilon
Fedhas
Gozag
Hepliaklqana
Kikubaaqudgha
Makhleb
Nemelex Xobeh
Okawaru
Qazlal
Ru
Sif Muna
Trog
Uskayaw
Vehumet
Wu Jian
Xom
Yredelemnul
Zin
The Shining One

Shops:
D:8 *

Portals:
Gauntlet: D:11

Annotations:
D:6 1 runed translucent door, Sigmund; paps's ghost, amateur OpSu


Innate Abilities, Weirdness & Mutations

You are too large for most types of armour.
You have claws for hands.
Your natural rate of healing is unusually fast.
You are covered in fur. (AC +1)
You have tough skin. (AC +1)


Message History

You feel very sick. You block the meliai's attack. The meliai stings you!
You are more poisoned.
The meliai poisons you! The meliai barely misses you.
The meliai stings you but does no damage.
You block the meliai's attack. x2
The meliai calls upon its god to heal the meliai.
The meliai is healed somewhat.
You mangle the meliai!!
You kill the meliai!
Okawaru accepts your kill.
You feel very sick. You block the meliai's attack. The meliai stings you!
You are more poisoned.
The meliai poisons you!
Your Dodging skill increases to level 6!
You claw the meliai!
The meliai is severely wounded.
You feel extremely sick.
The meliai mumbles some strange prayers to its god against you.
Something smites you!
* * * LOW HITPOINT WARNING * * *
The meliai hits you with a +0 hand axe.
* * * LOW HITPOINT WARNING * * *
You block the meliai's attack.
You claw the meliai!
The meliai is almost dead.
You feel extremely sick.
The meliai calls down the wrath of its god upon you.
Something smites you!
* * * LOW HITPOINT WARNING * * *
You block the meliai's attack. x2
Unknown command.
You barely miss the meliai.
The meliai is almost dead.
* * * LOW HITPOINT WARNING * * *
You feel extremely sick.
The meliai calls down the wrath of its god upon you.
Something smites you!
You die...

.... ....#.....#... #
#... .....#.....#...
..##...###.....#.....#...
..........y....#.....#...
......oo.y.....#.....#...
.......o∩......#.....#...
####+##o####...#.....#...
###.##y####...#.....#...
+.....)@......#.....#...
#.............#.....#...
#.............'.....#...
#+#####+###..##.....#...
#..#.....†#...
#...#......#...
#...#......#...
#...#......'.†.
#...#......#...


You could see a meliai, an orc priest and 3 orcs.

Vanquished Creatures
  Erica (D:8)
  A centaur warrior (D:9)
  A boulder beetle (D:11)
  A two-headed ogre (D:9)
  Urug (D:10)
  Pikel (D:7)
  A deep elf pyromancer (D:9)
  A manticore (D:10)
  A tengu conjurer (D:9)
  4 trolls
  A meliai (D:11)
  A hornet (D:9)
  A wraith (Ossuary)
  4 yaks (D:10)
  A shadow (D:9)
  Grum (Bailey)
  A steam dragon (D:7)
  4 vampire mosquitoes (D:11)
  Menkaure (D:4)
  2 acid dragons
  3 water moccasins
  An ice beast (D:6)
  4 orc warriors
  A sky beast (D:6)
  A black bear (D:7)
  2 centaurs
  An ogre (D:6)
  6 wolves (Bailey)
  2 phantoms
  4 lemures (D:7)
  A kobold brigand (D:6)
  2 bullfrogs
  5 gnoll sergeants (Bailey)
  3 scorpions
  12 wights
  2 killer bees (D:11)
  2 electric eels (D:10)
  2 howler monkeys (D:8)
  6 orc priests
  6 gnoll boudas (Bailey)
  7 hounds
  2 iguanas
  A sleepcap (D:7)
  7 orc wizards
  3 mummies (Ossuary)
  12 adders
  26 gnolls
  2 shadow imps (D:7)
  2 white imps
  An ufetubus (D:7)
  2 worms
  A dart slug (D:2)
  34 orcs
  9 ball pythons
  5 endoplasms
  8 giant cockroaches
  9 goblins
  3 hobgoblins
  11 jackals
  11 kobolds
  3 quokkas
  3 bats
  A frilled lizard (D:2)
  2 goblin zombies (Ossuary)
  2 hobgoblin zombies (Ossuary)
  4 kobold zombies (Ossuary)
  22 rats
289 creatures vanquished.

Notes
Turn   | Place    | Note
-------+----------+-------------------------------------------
     0 | D:1      | MacCMillion the Troll Fighter began the quest for the Orb.
     0 | D:1      | Reached XP level 1. HP: 22/22 MP: 0/0
    79 | D:1      | Reached XP level 2. HP: 28/29 MP: 1/1
   804 | D:2      | Reached XP level 3. HP: 36/36 MP: 2/2
   853 | D:2      | Reached skill level 3 in Unarmed Combat
  1082 | D:2      | Identified the +1 scale mail "Laeson" {Int+2}
  1519 | D:2      | Reached XP level 4. HP: 44/44 MP: 3/3
  1903 | D:3      | Reached skill level 4 in Unarmed Combat
  1904 | D:3      | Reached XP level 5. HP: 53/53 MP: 4/4
  2253 | D:4      | Noticed Menkaure
  2259 | D:4      | Killed Menkaure
  2260 | D:4      | Reached XP level 6. HP: 29/61 MP: 5/5
  2470 | D:4      | Found a sand-covered staircase.
  2482 | Ossuary  | Entered an ossuary
  2482 | Ossuary  | Noticed a wraith
  2482 | Ossuary  | Noticed a wraith
  2482 | Ossuary  | Noticed a wraith
  2538 | Ossuary  | Reached skill level 5 in Unarmed Combat
  2875 | Ossuary  | Noticed a wraith
  2882 | Ossuary  | Killed a wraith
  2883 | Ossuary  | Reached XP level 7. HP: 59/68 MP: 6/6
  3336 | D:4      | Reached skill level 6 in Unarmed Combat
  3545 | D:5      | Entered Level 5 of the Dungeon
  4219 | D:5      | Found a staircase to the Ecumenical Temple.
  4223 | Temple   | Entered the Ecumenical Temple
  4249 | Temple   | Became a worshipper of Warmaster Okawaru
  4469 | D:6      | Reached skill level 5 in Shields
  4469 | D:6      | Reached XP level 8. HP: 79/79 MP: 7/7
  4490 | D:6      | Reached skill level 7 in Unarmed Combat
  4638 | D:6      | Reached * piety under Okawaru
  4685 | D:5      | Reached skill level 5 in Fighting
  4817 | D:6      | Found a runed translucent door.
  4818 | D:6      | Noticed paps's ghost (amateur OpSu)
  4852 | D:6      | Reached skill level 8 in Unarmed Combat
  4954 | D:6      | Noticed Sigmund
  5185 | D:6      | Found a glowing golden altar of the Shining One.
  5382 | D:7      | Reached XP level 9. HP: 88/88 MP: 8/8
  5426 | D:7      | Noticed a troll
  5447 | D:7      | Killed a troll
  5447 | D:7      | Reached ** piety under Okawaru
  5522 | D:7      | Reached skill level 9 in Unarmed Combat
  5912 | D:7      | Noticed Pikel
  5929 | D:7      | Found a flagged portal.
  5947 | Bailey   | Entered a bailey
  6097 | Bailey   | Noticed Grum
  6125 | Bailey   | Killed Grum
  6200 | Bailey   | Reached *** piety under Okawaru
  6256 | Bailey   | Reached skill level 10 in Unarmed Combat
  6339 | Bailey   | Reached XP level 10. HP: 89/100 MP: 9/9
  6937 | D:7      | Killed Pikel
  7372 | D:8      | Found a staircase to the Lair.
  7444 | D:8      | Found Qeaniu's Serpentskin Sales.
  7468 | D:8      | Bought 2 curare-tipped darts for 36 gold pieces
  7473 | D:8      | Found an ancient bone altar of Kikubaaqudgha.
  7498 | D:8      | Found a hazy altar of Hepliaklqana.
  7539 | D:8      | Found a stormy altar of Qazlal.
  7766 | D:8      | Noticed Erica
  7771 | D:8      | Killed Erica
  7771 | D:8      | Reached **** piety under Okawaru
  7772 | D:8      | Reached skill level 11 in Unarmed Combat
  7839 | D:8      | Found a sparkling altar of Nemelex Xobeh.
  7944 | D:9      | Noticed a two-headed ogre
  8281 | D:9      | Noticed a deep elf pyromancer
  8287 | D:9      | Killed a deep elf pyromancer
  8356 | D:9      | Reached skill level 5 in Dodging
  8362 | D:9      | Killed a two-headed ogre
  8481 | D:9      | Found a burning altar of Makhleb.
  8487 | D:9      | Reached ***** piety under Okawaru
  8488 | D:9      | Reached XP level 11. HP: 104/109 MP: 10/10
  8841 | D:9      | Noticed a centaur warrior
  8845 | D:9      | Killed a centaur warrior
  9199 | D:10     | Entered Level 10 of the Dungeon
  9208 | D:10     | Noticed Urug
  9222 | D:10     | Killed Urug
  9320 | D:10     | Found an ornate altar of the Wu Jian Council.
  9342 | D:10     | Reached skill level 12 in Unarmed Combat
  9350 | D:10     | Received a gift from Okawaru
  9350 | D:10     | Found the +1 robe of Vines {NoPotionHeal Regen++++}
  9558 | D:10     | Identified a scroll of acquirement
  9598 | D:10     | Acquired a manual of Shields
  9636 | D:10     | Found a staircase to the Orcish Mines.
 10335 | D:10     | Found a radiant altar of Vehumet.
 10464 | D:11     | Noticed a boulder beetle
 10471 | D:11     | Killed a boulder beetle
 10639 | D:11     | Found a gate leading to a gauntlet.
 10641 | D:11     | Identified the +0 morningstar of Hacking and Slashing
                  | {heavy, Stlth+}
 10661 | D:11     | Killed from afar by a meliai

Illustrated notes

Levels and vault maps discovered:
D:1:      tarquinn_simple_flora_water_f, layout_basic
D:2:      layout_loops_corners, minmay_misc_feat_five, dk_noncrumbling_2,
          hex_large, minmay_rat_hole
D:3:      layout_rooms
D:4:      layout_loops_cross, nicolae_ossuary_entry_monument, uniq_menkaure
D:5:      layout_basic, minmay_temple_entry_glassed_door
D:6:      layout_loops_cross, tso_oasis_becter, gammafunk_ghost_grave,
          uniq_sigmund
D:7:      layout_loops_ring, lightli_bailey_entry_fortress, uniq_pikel
D:8:      minmay_spotlight, layout_loops_corners,
          nicolae_overflow_quartered_altars, dpeg_oklobed_lair,
          guppyfry_shop_venom, uniq_erica
D:9:      layout_rooms, lightli_temple_of_fire, wad_mini_maze
D:10:     layout_rooms, mainiacjoe_overflow_alcove_2,
          mainiacjoe_overflow_alcove_4, minmay_orc_entry_temple_small,
          serial_bayou, serial_bayou_pond_d, serial_bayou_pond_c,
          serial_bayou_lagoon_a, serial_bayou_shore_a,
          kennysheep_generic_room_13, uniq_urug
D:11:     layout_gridville, gauntlet_entry_generic
Temple:   nicolae_temple_ecumenical_triangle

Skill      XL: |  1  2  3  4  5  6  7  8  9 10 11 |
---------------+----------------------------------+-----
Shields        | 3 4 5 6 7 8 |  8.8
Unarmed Combat | 3 4 5 6 8 10 11 12 | 12.6
Fighting       | 3 4 5 6 7 |  7.9
Dodging        | 3 5 6 |  6.0

Action                     |  1- 3 |  4- 6 |  7- 9 | 10-12 || total
---------------------------+-------+-------+-------+-------++-------
  Melee: Unarmed           |   119 |   130 |   412 |   279 ||   940
  Throw: Dart              |       |       |       |     7 ||     7
 Invoke: Heroism           |       |       |       |     1 ||     1
         Finesse           |       |       |       |     1 ||     1
  Evoke: Wand              |       |       |       |     2 ||     2
    Use: Scroll            |       |       |       |    15 ||    15
 Armour: Robe              |    33 |    12 |    36 |    36 ||   117
         Troll leather arm |       |       |    80 |    52 ||   132
  Dodge: Dodged            |    47 |    27 |   121 |    94 ||   289
  Block: Kite shield       |    39 |    48 |   341 |   213 ||   641
         Reflection        |       |       |     1 |     5 ||     6
